 Dungeon Crawl Stone Soup version 0.22-a0-618-gd6a3efe (webtiles) character file.

316 Gildeon the Skirmisher (level 6, -17/38 HPs)
             Began as a Gargoyle Fighter on July 13, 2018.
             Was an Initiate of Okawaru.
             Demolished by an ogre
             ... wielding a +0 giant club
              (20 damage)
             ... on level 4 of the Dungeon.
             The game lasted 00:10:54 (2570 turns).

Gildeon the Skirmisher (Gargoyle Fighter)           Turns: 2570, Time: 00:10:54

Health: -17/38     AC: 16    Str: 19    XL:     6   Next: 44%
Magic:  7/7        EV:  5    Int: 10    God:    Okawaru [......]
Gold:   182        SH:  9    Dex: 10    Spells: 6/6 levels left

rFire    . . .     SeeInvis .   a - +0 flail
rCold    . . .     Gourm    .   c - +0 shield
rNeg     + . .     Faith    .   s - +0 chain mail
rPois    ∞         Spirit   .   m - +1 helmet
rElec    +         Reflect  .   (no cloak)
rCorr    .         Harm     .   (no gloves)
MR       .....                  (no boots)
Stlth    ..........             (no amulet)
HPRegen  0.12/turn              (no ring)
MPRegen  0.10/turn              (no ring)

@: no status effects
A: negative energy resistance 1, electricity resistance, unbreathing,
petrification resistance, rot immunity, AC +4
a: Renounce Religion


You were on level 4 of the Dungeon.
You worshipped Okawaru.
Okawaru was noncommittal.
You were not hungry.

You visited 1 branch of the dungeon, and saw 4 of its levels.

You collected 182 gold pieces.

Inventory:

Hand Weapons
 a - a +0 flail (weapon)
Armour
 c - a +0 shield (worn)
 m - a +1 helmet (worn)
 s - a +0 chain mail (worn)
Wands
 n - a wand of flame (21)
 o - a wand of random effects (31)
Scrolls
 l - a scroll of remove curse
 p - a scroll of amnesia {unknown}
 q - a scroll of fear {unknown}
 r - a scroll of magic mapping
Potions
 e - 5 potions of curing
 g - a potion of invisibility
 h - 2 potions of degeneration {unknown}
 i - a potion of magic {unknown}
 j - a potion of heal wounds {unknown}
 k - 2 potions of mutation {unknown}
Comestibles
 d - 5 chunks of flesh
 f - 12 rations


   Skills:
 + Level 4.3 Fighting
 * Level 4.0 Maces & Flails
 + Level 4.2 Armour
 + Level 1.4 Dodging
 + Level 4.2 Shields
 + Level 0.7 Spellcasting
 + Level 0.7 Invocations
 + Level 0.5 Evocations


You had 6 spell levels left.
You didn't know any spells.
Your spell library was empty.

Dungeon Overview and Level Annotations

Branches:
Dungeon (4/15)
 Temple: D:4-7

Altars:
Okawaru
Zin


Innate Abilities, Weirdness & Mutations

You are resistant to torment.
Your stone body is resilient. (AC +4)
You are immune to poison.
You resist negative energy. (rN+)
You are resistant to electric shocks. (rElec)
You can survive without breathing.
You are immune to petrification.
You are immune to rotting.


Message History

Okay, then.
The ogre hits you with a giant club!
You thump the ogre!
The ogre is moderately wounded.
The ogre hits you with a giant club!
You hit the ogre.
The ogre is heavily wounded.
The ogre hits you with a giant club!
* * * LOW HITPOINT WARNING * * *
You hit the ogre.
The ogre is heavily wounded.
You block the ogre's attack.
You hit the ogre but do no damage.
The ogre is heavily wounded.
You block the ogre's attack.
You hit the ogre.
The ogre is severely wounded.
The ogre hits you with a giant club!!
Ouch! That really hurt!
You die...

#......# #......#
#......# #### ......#
#... .....#### #...
#...... +... #....#
######+##... #..O.#
#...........
####..@.####...........
........................
.####......$............
#######'#######........
#.............#.....###
#.............#.....#
#.............#.....#
#.............###'###
#.............#...# .


You could see an ogre.

Vanquished Creatures
  A hound (D:4)
  2 worker ants
  Robin (D:2)
  10 gnolls
  4 adders
  An ooze (D:1)
  3 worms
  2 leopard geckos
  2 orcs (D:4)
  6 bats
  4 giant cockroaches
  12 goblins
  8 hobgoblins
  6 jackals
  10 kobolds
  2 quokkas
  A ball python (D:1)
  4 frilled lizards
  10 rats
89 creatures vanquished.

Notes
Turn   | Place    | Note
-------+----------+-------------------------------------------
     0 | D:1      | Gildeon the Gargoyle Fighter began the quest for the Orb.
     0 | D:1      | Reached XP level 1. HP: 14/14 MP: 1/1
   122 | D:1      | Reached XP level 2. HP: 11/19 MP: 2/2
   458 | D:1      | Reached XP level 3. HP: 23/23 MP: 3/3
   818 | D:2      | Reached XP level 4. HP: 7/29 MP: 4/4
  1268 | D:2      | Noticed Robin
  1282 | D:2      | Killed Robin
  1517 | D:2      | Reached XP level 5. HP: 19/33 MP: 5/5
  1523 | D:2      | Reached skill level 1 in Dodging
  1542 | D:2      | Found an iron altar of Okawaru.
  1547 | D:2      | Became a worshipper of Warmaster Okawaru
  2257 | D:4      | Reached XP level 6. HP: 38/38 MP: 6/6
  2310 | D:4      | Found a glowing silver altar of Zin.
  2570 | D:4      | Demolished by an ogre

Vault maps used:
D:1:      dpeg_arrival_pond
D:2:      overflow_temple_1_default, minmay_mini_jars, uniq_robin
D:4:      zin_academy, kennysheep_generic_room_16, uniq_ijyb

Skill      XL: |  1  2  3  4  5  6 |
---------------+-------------------+-----
Maces & Flails | 3 4 |  4.0
Shields        | 4 |  4.2
Dodging        | 1 |  1.4
Fighting       | 4 |  4.3
Armour         | 4 |  4.2
Spellcasting   | |  0.7
Invocations    | |  0.7
Evocations     | |  0.5

Action                   |  1- 3 |  4- 6 || total
-------------------------+-------+-------++-------
Melee: Flail             |   114 |   203 ||   317
Evoke: Wand              |       |     8 ||     8
  Use: Scroll            |     1 |     5 ||     6
       Potion            |       |     1 ||     1
  Eat: Chunk             |       |     6 ||     6
Armor: Scale mail        |    67 |   134 ||   201
Dodge: Dodged            |    46 |    70 ||   116
Block: Shield            |    56 |   132 ||   188

Table legend:
 A = Spawn XP
 B = Non-spawn XP
 C = Spawn XP percentage of total XP
 D = Spawn monster count
 E = Non-spawn monster count
 F = Spawn count percentage of total count
 G = Total turns spent on level
                    A         B        C        D         E        F      G
               +---------+---------+-------+---------+---------+-------+---------
         Total |       0 |     452 |   0.0 |       0 |      89 |   0.0 |  2570
               +---------+---------+-------+---------+---------+-------+---------
           D:1 |       0 |      41 |   0.0 |       0 |      22 |   0.0 |   669
           D:2 |       0 |     165 |   0.0 |       0 |      38 |   0.0 |  1082
           D:3 |       0 |      69 |   0.0 |       0 |      16 |   0.0 |   421
           D:4 |       0 |     177 |   0.0 |       0 |      13 |   0.0 |   398
               +---------+---------+-------+---------+---------+-------+---------
